 Dungeon Crawl Stone Soup version 0.30-a0-165-g1891117ce2 (webtiles) character file.

Game seed: 18023707021373960625

444847 Zonian the Impassioned (level 24, -24/118 HPs)
             Began as a Vine Stalker Brigand on Sept 26, 2022.
             Was a Follower of Uskayaw.
             Annihilated by an azure jelly (34 damage)
             ... created by the Royal Jelly
             ... on level 5 of the Pits of Slime on Sept 28, 2022.
             The game lasted 04:22:15 (67293 turns).

Zonian the Impassioned (Vine Stalker Brigand)      Turns: 67293, Time: 04:22:23

Health: -24/118    AC: 20    Str: 20    XL:     24   Next: 18%
Magic:  0/38       EV: 15    Int: 17    God:    Uskayaw [*.....]
Gold:   2593       SH:  7    Dex: 21    Spells: 36/43 levels left

rFire   + + .      SeeInvis .    r - +6 rapier (venom)
rCold   . . .      Faith    .    N - +1 buckler
rNeg    . . .      Spirit   +    a - +4 scale mail of Joulyich {rPois rF+ Str+5}
rPois   +          Reflect  .    h - +2 hat
rElec   .          Harm     .    V - scarf {rC+ rF+}
rCorr   +          Rampage  +    S - +0 pair of gloves
Will    ++++.                    M - +1 pair of boots of the First Hosts {Rampage Will+ Int+2}
Stlth   +++++.....               b - amulet of regeneration
HPRegen 1.89/turn                t - +4 ring of protection
MPRegen 0.26/turn                W - ring of resist corrosion

@: studying Unarmed Combat
A: fangs 3, regeneration 1, magic shield, antimagic bite, no potion heal 2,
horns 1, clumsy 1, frail 1, cold vulnerability 1, MP-powered wands
}: 2/15 runes: decaying, gossamer
a: Renounce Religion, Stomp


You were on level 5 of the Pits of Slime.
You worshipped Uskayaw.
Uskayaw was most pleased with you.
You visited 9 branches of the dungeon, and saw 41 of its levels.

You collected 4576 gold pieces.
You spent 1983 gold pieces at shops.

Inventory:

Hand Weapons
 n - a +4 vorpal demon blade
 p - the +5 dagger "Vuitugal" {antimagic, rF+ Str-5 Dex+4 SInv}
   (You found it on level 11 of the Dungeon)

   It reduces the magical energy of the wielder, and disrupts the spells and
   magical abilities of those it strikes.
   Natural abilities and divine invocations are not affected.
   Str:       It affects your strength (-5).
   Dex:       It affects your dexterity (+4).
   rF:        It protects you from fire.
   SInv:      It lets you see invisible.
 r - a +6 rapier of venom (weapon)
 Y - a +2 demon blade of electrocution
Missiles
 d - 19 poisoned darts (quivered)
 e - 15 curare-tipped darts
 f - 2 throwing nets
 F - 12 javelins
 H - 2 boomerangs of dispersal
Armour
 a - the +4 scale mail of Joulyich (worn) {rPois rF+ Str+5}
   (You bought it in a shop on level 2 of the Orcish Mines)

   Str:       It affects your strength (+5).
   rF:        It protects you from fire.
   rPois:     It protects you from poison.
 h - a +2 hat (worn)
 i - an orb of wrath
 z - a +3 scale mail of cold resistance
 E - a +2 pair of boots of rampaging
 M - the +1 pair of boots of the First Hosts (worn) {Rampage Will+ Int+2}
   (You found it on level 2 of the Vaults)

   Int:       It affects your intelligence (+2).
   Rampage:   It bestows one free step when moving towards enemies.
   Will:      It increases your willpower.
 N - a +1 buckler (worn)
 S - a +0 pair of gloves (worn)
 V - a scarf of resistance (worn)
Jewellery
 b - an amulet of regeneration (around neck)
 l - a ring of protection from fire
 t - a +4 ring of protection (left hand)
 u - a ring of wizardry
 J - a +4 ring of evasion
 W - a ring of resist corrosion (right hand)
Wands
 m - a wand of mindburst (27)
 y - a wand of iceblast (23)
 G - a wand of digging (5)
 O - a wand of flame (27)
Scrolls
 j - 2 scrolls of fear
 q - 9 scrolls of teleportation
 w - a scroll of summoning
 A - 8 scrolls of magic mapping
 P - 6 scrolls of poison
 U - 4 scrolls of silence
 X - 4 scrolls of butterflies
Potions
 c - 8 potions of curing
 g - 5 potions of invisibility
 k - a potion of haste
 s - 8 potions of flight
 v - 2 potions of magic
 C - 6 potions of ambrosia
 D - 4 potions of might
 L - 8 potions of cancellation
 R - 9 potions of brilliance
 Z - 2 potions of resistance
Miscellaneous
 o - a tin of tremorstones (2/2)
 x - a lightning rod (4/4)
 I - a condenser vane
 K - a box of beasts


   Skills:
 - Level 15.5 Fighting
 - Level 14.0(15.4) Short Blades
 - Level 11.0(14.0) Long Blades
 - Level 10.1 Throwing
 - Level 5.0 Armour
 + Level 9.1 Dodging
 - Level 15.0 Stealth
 - Level 5.0 Shields
 - Level 10.0 Spellcasting
 - Level 10.0 Necromancy
 - Level 9.1 Transmutations
 - Level 16.4 Invocations
 - Level 10.0 Evocations


You had 36 spell levels left.
You knew the following spells:

 Your Spells              Type           Power      Damage    Failure   Level
a - Wereblood             Tmut           39%        N/A       1%          2
b - Dispel Undead         Necr           42%        3d17      4%          4
c - Necrotise             Necr           100%       1d9       1%          1

Your spell library contained the following spells:

 Spells                   Type           Power      Damage    Failure   Level
 Sublimation of Blood     Necr           42%        N/A       1%          2
 Sting                    Tmut/Pois      96%        1d7       4%          1
 Passwall                 Tmut/Erth      20%        N/A       7%          2
 Cigotuvi's Dreadful Rot  Necr/Pois/Air  38%        N/A       12%         2
 Agony                    Necr           42%        N/A       13%         5
 Ignite Poison            Fire/Tmut/Pois 18%        N/A       26%         3
 Apportation              Tloc           16%        N/A       28%         1
 Foxfire                  Conj/Fire      32%        2x1d5     28%         1
 Magic Dart               Conj           32%        1d4       28%         1
 Summon Small Mammal      Summ           32%        N/A       28%         1
 Call Imp                 Summ           8%         N/A       41%         2
 Ensorcelled Hibernation  Hex/Ice        16%        N/A       41%         2
 Poisonous Vapours        Pois/Air       16%        N/A       41%         2
 Ice Form                 Ice/Tmut       24%        N/A       41%         4
 Petrify                  Tmut/Erth      24%        N/A       41%         4
 Death Channel            Necr           21%        N/A       58%         6
 Call Canine Familiar     Summ           8%         N/A       65%         3
 Dazzling Flash           Conj/Hex       16%        N/A       65%         3
 Frozen Ramparts          Ice            16%        1d3       65%         3
 Inner Flame              Hex/Fire       8%         N/A       65%         3
 Kindle Blastsparks       Fire/Tloc/Air  16%        2d11      65%         3
 Mephitic Cloud           Conj/Pois/Air  8%         N/A       65%         3
 Summon Guardian Golem    Hex/Summ       8%         N/A       65%         3
 Swiftness                Air            8%         N/A       65%         3
 Tukima's Dance           Hex            8%         N/A       65%         3
 Alistair's Intoxication  Tmut/Pois      16%        N/A       77%         5
 Yara's Violent Unravell  Hex/Tmut       12%        3d7       77%         5
 Flame Wave               Conj/Fire      8%         2d5       96%         4
 Olgreb's Toxic Radiance  Pois           8%         N/A       96%         4
 Passage of Golubria      Tloc           8%         N/A       96%         4
 Sticky Flame             Conj/Fire      8%         2d3       96%         4
 Summon Ice Beast         Ice/Summ       8%         N/A       96%         4
 Summon Lightning Spire   Summ/Air       8%         N/A       96%         4
 Metabolic Englaciation   Hex/Ice        4%         N/A       100%        5
 Silence                  Hex/Air        4%         N/A       100%        5
 Summon Forest            Summ/Tloc      4%         N/A       100%        5
 Summon Mana Viper        Hex/Summ       8%         N/A       100%        5
 Statue Form              Tmut/Erth      16%        N/A       100%        6
 Summon Cactus Giant      Summ           4%         N/A       100%        6
 Monstrous Menagerie      Summ           4%         N/A       100%        7
 Orb of Destruction       Conj           4%         9d5       100%        7
 Ozocubu's Refrigeration  Ice            4%         4d8       100%        7
 Spellforged Servitor     Conj/Summ      4%         N/A       100%        7
 Storm Form               Tmut/Air       12%        N/A       100%        7
 Summon Hydra             Summ           4%         N/A       100%        7
 Maxwell's Capacitive Co  Air            4%         ∞         100%        8


Dungeon Overview and Level Annotations

Branches:
Dungeon (15/15)            Temple (1/1) D:5            Lair (5/5) D:9
  Swamp (4/4) Lair:3       Spider (4/4) Lair:2        Slime (5/5) Lair:5
    Orc (2/2) D:9             Elf (3/3) Orc:2        Vaults (2/5) D:13
  Crypt (0/3) Vaults:2     Depths (0/4) D:15

Altars:
Kikubaaqudgha
Nemelex Xobeh
Okawaru
Uskayaw
Xom
Yredelemnul
The Shining One
Jiyva
Lugonu

Shops:
D:5 [   D:7 !   D:8 (   Orc:2 !:![   Vaults:2 !

Annotations:
D:4 exclusion: hornet
Swamp:3 2 transporters, exclusion: orange crystal statue
Elf:2 4 runed translucent doors, ytrimaz's ghost, adept DsGl


Innate Abilities, Weirdness & Mutations

You have razor-sharp teeth.
Your natural rate of healing is unusually fast.
When hurt, damage is shared between your health and your magic reserves.
Your bite disrupts and absorbs the magic of your enemies.
Potions cannot restore your health.
You have a pair of small horns on your head.
You are clumsy. (Dex -2)
You are frail. (-10% HP)
You are vulnerable to cold. (rC-)
You expend magic power (3 MP) to strengthen your wands.


Message History

You puncture the azure jelly! You bite the azure jelly! You drain its power.
The azure jelly is almost dead.
The azure jelly hits you. The azure jelly freezes you!
The azure jelly hits you but does no damage. x2
The azure jelly closely misses you.
You can now pass through a line of other dancers.
You are too injured to fight recklessly!
Unknown command.
You are too injured to fight recklessly!
You are too injured to fight recklessly!
Unknown command.
You are too injured to fight recklessly!
Unknown command.
You are too injured to fight recklessly!
You are too injured to fight recklessly!
You hit the azure jelly but do no damage.
The azure jelly looks as sick as possible!
The azure jelly is almost dead.
The azure jelly closely misses you. The azure jelly hits you!
The azure jelly freezes you!!
* * * LOW HITPOINT WARNING * * *
The azure jelly barely misses you. You block the azure jelly's attack.
You closely miss the azure jelly.
You bite the azure jelly, but do no damage.
The azure jelly is almost dead.
You block the azure jelly's attack. The azure jelly hits you.
* * * LOW HITPOINT WARNING * * *
The azure jelly freezes you!!!
* * * LOW HITPOINT WARNING * * *
The azure jelly barely misses you.
The azure jelly hits you but does no damage.
Okay, then.
Aiming: Line Pass
Press: ? - help, Dir - move target, p - azure jelly The azure jelly appears confused.
You can no longer pass through a line of other dancers.
The azure jelly hits you.
* * * LOW HITPOINT WARNING * * *
The azure jelly freezes you!!
You die...

#..................JJJ#,,,*,,_,
##.................##.JJJ.J..,,
#..................#####J....,*
###................##**,,.:..,*
#..................#*,,,,.G.,*
###........(.......#*,,,,,....
#.........(.......##*,,,**..#
##.........(.......##*,,,##.#
#..#........@.......###,*#..#
###..........J........####.#*
#...#...................#..##
#.####.......................
##*#.........................
##.#......................
##.......................
##..#...................
####....<..............


You could see an azure jelly (confused, extremely poisoned).

Vanquished Creatures
  the Royal Jelly (Slime:5)
  Mara (Swamp:4)
  Arachne (Spider:3)
  A hellephant (Vaults:1)
  Jorgrun (Swamp:3)
  2 deep elf blademasters (Elf:3)
  3 deep elf master archers (Elf:3)
  Frances (Elf:1)
  12 acid blobs
  A thorn hunter (Swamp:1)
  2 tengu reavers
  A fenstrider witch (Swamp:1)
  Roxanne (Spider:4)
  10 rockslimes
  4 deep elf sorcerers
  3 emperor scorpions
  5 azure jellies
  Louise (D:15)
  3 frost giants
  4 vault wardens
  An orc warlord (D:11)
  Aizul (Vaults:2)
  11 ironbound preservers
  4 deep elf elementalists
  6 ghost moths
  5 very ugly things (Vaults:1)
  8 quicksilver oozes
  4 broodmothers
  2 ironbound thunderhulks
  12 deep elf annihilators (Elf:3)
  7 deep elf demonologists (Elf:3)
  15 dire elephants
  5 bunyips
  4 eleionomae
  3 spark wasps (Spider:4)
  An ettin (D:11)
  2 fire dragons (Swamp:4)
  6 yaktaur captains
  3 deep elf death magi
  4 entropy weavers
  4 great orbs of eyes
  A shambling mangrove (Swamp:4)
  Erolcha (Orc:1)
  4 deep elf high priests
  21 hydras
  2 vault guards (Vaults:2)
  2 jorogumos (Spider:2)
  5 radroaches
  3 catoblepae (Lair:5)
  5 ghost crabs
  13 boulder beetles
  The ghost of jimonade the Thaumaturge, a journeyman DjFE of Ashenzari (Lair:2)
  13 centaur warriors
  An ironbound frostheart (Vaults:2)
  4 two-headed ogres
  5 alligators
  A death knight (D:15)
  10 death yaks
  The ghost of bchevrier the Thaumaturge, a novice GnWn of Gozag (D:9)
  11 dancing weapons
  An orc high priest (Elf:2)
  14 hell knights (Vaults:1)
  8 spriggans
  15 deep elf knights
  6 pharaoh ants
  28 deep trolls
  2 sun moths (Spider:4)
  3 goliath frogs
  Lodul (D:12)
  4 spriggan druids
  6 orb spiders
  A bog body (Swamp:2)
  10 steelbarb worms
  9 swamp dragons
  13 lindwurms
  2 wizards
  2 orc knights (Orc:1)
  25 deep elf pyromancers
  13 deep elf archers
  17 ugly things
  12 ironbound convokers
  14 deep elf zephyrmancers
  22 wolf spiders
  9 cyclopes
  2 will-o-the-wisps
  7 manticores
  3 shining eyes (Slime:5)
  A moth of wrath (Spider:4)
  15 elephants (Lair:5)
  4 vault sentinels
  9 black mambas
  An eye of devastation (Slime:5)
  15 cane toads
  A gargoyle (D:10)
  A hellion (Vaults:1)
  2 unseen horrors
  5 torpor snails
  An efreet (D:15)
  3 kobold demonologists
  12 yaktaurs
  7 rime drakes
  6 demonic crawlers
  9 komodo dragons
  A komodo dragon (shapeshifter) (D:12)
  2 bloated husks
  A tengu conjurer (D:12)
  A merfolk (D:15)
  11 trolls
  7 meliai
  A queen bee (D:9)
  A polar bear (Lair:2)
  7 hornets
  8 tyrant leeches
  8 blink frogs (Lair:1)
  31 tarantellas
  A blink frog (shapeshifter) (D:12)
  74 slime creatures
  30 jumping spiders
  3 shadows
  Sigmund (D:3)
  2 air elementals (Elf:1)
  40 yaks
  5 wraiths
  A culicivora (shapeshifter) (D:15)
  28 culicivoras
  A water elemental (Elf:2)
  9 wyverns
  6 fire elementals
  3 vampires
  4 golden eyes
  4 basilisks
  4 steam dragons
  6 vampire mosquitoes
  60 redbacks
  3 wargs
  19 swamp worms
  12 water moccasins
  5 acid dragons
  3 hell hounds (D:15)
  A black bear (D:5)
  13 swamp drakes
  4 ice beasts
  3 sky beasts
  36 orc warriors
  15 wolves
  18 ogres
  9 boggarts (Vaults:1)
  15 centaurs
  2 phantoms (D:5)
  10 kobold brigands
  11 bullfrogs
  A gnoll sergeant (D:11)
  6 earth elementals
  5 scorpions
  3 cane toad simulacra (Lair:2)
  5 necrophages
  9 wights
  10 killer bees (D:9)
  An elephant simulacrum (Lair:2)
  An electric eel (Lair:2)
  5 howler monkeys
  A lava snake (Swamp:4)
  2 jellies
  A komodo dragon simulacrum (Lair:2)
  11 orc priests
  A water moccasin simulacrum (Lair:2)
  3 hounds
  Jessica (D:2)
  7 iguanas
  12 orc wizards
  A yak simulacrum (Lair:2)
  3 gnolls (D:11)
  8 adders
  A river rat (D:5)
  2 white imps
  2 ufetubi
  73 orcs
  8 bats
  4 endoplasms
  3 giant cockroaches
  9 goblins
  3 hobgoblins
  2 jackals (D:2)
  25 kobolds
  3 quokkas
  A training dummy (D:8)
  3 ball pythons
  6 frilled lizards
  7 rats
1400 creatures vanquished.

Vanquished Creatures (collateral kills)
  Azrael (D:15)
  A fire dragon (Swamp:4)
  A shambling mangrove (Swamp:4)
  A hydra (Swamp:4)
  A steelbarb worm (Spider:3)
  A lindwurm (Swamp:4)
  2 fire elementals (D:15)
  A basilisk (Lair:1)
  A hell hound (D:15)
  A swamp drake (Swamp:4)
11 creatures vanquished.

Vanquished Creatures (others)
  3 deep elf knights
  A spriggan druid (Swamp:4)
  2 deep elf zephyrmancers
  2 bloated husks
  A spriggan (Swamp:4)
  A steam dragon (Swamp:4)
  An orc wizard (Orc:1)
  An orc (Orc:2)
  12 foxfires
  22 fungi
  36 plants
82 creatures vanquished.

Grand Total: 1493 creatures vanquished

Notes
Turn   | Place    | Note
-------+----------+-------------------------------------------
     0 | D:1      | Zonian the Vine Stalker Brigand began the quest for the
                  | Orb.
     0 | D:1      | Reached XP level 1. HP: 11/11 MP: 2/2
   176 | D:1      | Reached skill level 1 in Dodging
   176 | D:1      | Reached XP level 2. HP: 12/15 MP: 3/3
   471 | D:1      | Reached skill level 5 in Stealth
   616 | D:1      | Found a faded altar of an unknown god.
  1180 | D:2      | Noticed Jessica
  1183 | D:2      | Killed Jessica
  1184 | D:2      | Reached XP level 3. HP: 18/18 MP: 4/4
  1704 | D:2      | Gained mutation: Your natural rate of healing is unusually
                  | fast. [Vine Stalker growth]
  1704 | D:2      | Reached XP level 4. HP: 23/23 MP: 5/5
  2206 | D:3      | Reached XP level 5. HP: 27/27 MP: 6/6
  2581 | D:3      | Noticed Sigmund
  2634 | D:3      | Killed Sigmund
  2635 | D:3      | Reached XP level 6. HP: 32/32 MP: 7/7
  3635 | D:4      | You fall into a shaft and drop 2 floors!
  4107 | D:6      | Reached XP level 7. HP: 36/36 MP: 8/8
  4129 | D:5      | Entered Level 5 of the Dungeon
  4547 | D:4      | Noticed a hornet
  5158 | D:5      | Reached skill level 5 in Short Blades
  5205 | D:5      | Gained mutation: You have razor-sharp teeth. [Vine Stalker
                  | growth]
  5205 | D:5      | Reached XP level 8. HP: 41/41 MP: 7/9
  5424 | D:5      | Found Vaonedgh's Antique Armour Boutique.
  5456 | D:5      | Found a staircase to the Ecumenical Temple.
  5465 | Temple   | Entered the Ecumenical Temple
  5564 | Temple   | Became a worshipper of Uskayaw the Reveller
  5928 | D:5      | Reached * piety under Uskayaw
  5931 | D:5      | Reached ** piety under Uskayaw
  6011 | D:5      | Reached *** piety under Uskayaw
  6015 | D:5      | Reached **** piety under Uskayaw
  6750 | D:7      | Reached XP level 9. HP: 38/44 MP: 8/10
  6956 | D:7      | Noticed a troll
  7227 | D:7      | Found Voytomni's Distillery.
  7236 | D:7      | Bought a potion of might for 60 gold pieces
  7236 | D:7      | Bought a potion of haste for 150 gold pieces
  7530 | D:7      | Killed a troll
  7531 | D:7      | Reached skill level 10 in Short Blades
  7926 | D:8      | Reached ***** piety under Uskayaw
  8030 | D:8      | Found a sparkling altar of Nemelex Xobeh.
  8407 | D:8      | Reached XP level 10. HP: 35/49 MP: 7/11
  8969 | D:8      | Found Goinajal's Firing Range.
  9472 | D:9      | Noticed bchevrier's ghost (novice GnWn)
  9604 | D:9      | Found a transporter.
  9608 | D:9      | Found a transporter.
 10313 | D:9      | Found a staircase to the Lair.
 10411 | D:9      | Found a staircase to the Orcish Mines.
 10629 | Lair:1   | Entered Level 1 of the Lair of Beasts
 10629 | Lair:1   | Noticed a cane toad
 10629 | Lair:1   | Noticed a cane toad
 10673 | D:10     | Entered Level 10 of the Dungeon
 10717 | D:10     | Noticed a sea snake
 10815 | D:10     | Noticed a two-headed ogre
 10844 | D:10     | Noticed a manticore
 10851 | D:10     | Killed a manticore
 10901 | D:10     | Reached XP level 11. HP: 52/52 MP: 10/12
 10952 | D:10     | Identified the +3 trident "His Ocsi" {spect, MP+9}
 11186 | D:10     | Killed a two-headed ogre
 11389 | Lair:1   | Reached skill level 5 in Fighting
 11628 | Lair:1   | Reached skill level 1 in Invocations
 11629 | Lair:1   | HP: 4/84 [poisoned by a black mamba]
 11747 | Lair:1   | Reached skill level 2 in Invocations
 11754 | Lair:1   | Reached skill level 3 in Invocations
 11798 | Lair:1   | Reached skill level 4 in Invocations
 11813 | Lair:1   | Reached skill level 5 in Invocations
 11827 | Lair:1   | Reached skill level 6 in Invocations
 11828 | Lair:1   | Reached ****** piety under Uskayaw
 12425 | Lair:2   | Reached XP level 12. HP: 61/61 MP: 17/17
 12429 | Lair:2   | Noticed jimonade's ghost (journeyman DjFE)
 12488 | Lair:2   | Reached skill level 5 in Throwing
 12629 | Lair:2   | Found a runed translucent gate.
 12755 | Lair:2   | Reached skill level 5 in Dodging
 13415 | Lair:2   | Found a runed translucent gate.
 13416 | Lair:2   | Found a runed translucent gate.
 13739 | Lair:2   | Found a hole to the Spider Nest.
 14316 | Lair:3   | Noticed a death yak
 14316 | Lair:3   | Noticed a death yak
 14316 | Lair:3   | Noticed a death yak
 14508 | Lair:3   | Noticed a four-headed hydra
 14622 | D:5      | Bought a glowing scarf for 216 gold pieces
 14750 | Lair:3   | Killed a four-headed hydra
 14855 | Lair:3   | Killed a death yak
 15008 | Lair:3   | Killed a death yak
 15017 | Lair:3   | Killed a death yak
 15187 | Lair:3   | Noticed a five-headed hydra
 15196 | Lair:3   | Killed a five-headed hydra
 15197 | Lair:3   | Reached skill level 10 in Fighting
 15492 | Lair:3   | Found a staircase to the Swamp.
 15568 | Lair:4   | Noticed a boulder beetle
 15580 | Lair:4   | Killed a boulder beetle
 15581 | Lair:4   | Reached XP level 13. HP: 72/72 MP: 18/18
 15604 | Lair:4   | Reached skill level 7 in Invocations
 15664 | Lair:4   | Identified the +12 broad axe of the Avant Garde God
                  | {freeze, *Slow Str+9 Dex-4}
 15712 | Lair:4   | Reached skill level 8 in Invocations
 16209 | Lair:4   | Reached skill level 9 in Invocations
 16358 | Lair:4   | Identified the +7 long sword of Yle Luuq {pain, Drain Fly
                  | rPois Int+3}
 16691 | Lair:4   | Upgraded the game from 0.30-a0-141-g30f27751c5 to
                  | 0.30-a0-149-g7f746667c4
 16694 | Lair:4   | Learned a level 2 spell: Wereblood
 16705 | Lair:5   | Entered Level 5 of the Lair of Beasts
 16840 | Lair:5   | Reached skill level 10 in Invocations
 16846 | Lair:5   | Reached skill level 1 in Transmutations
 17387 | Lair:5   | Found a viscous altar of Jiyva.
 17387 | Lair:5   | Found a staircase to the Slime Pits.
 17415 | Lair:5   | Reached skill level 5 in Transmutations
 17415 | Lair:5   | Reached skill level 1 in Evocations
 17971 | Lair:5   | Reached skill level 5 in Evocations
 17971 | Lair:5   | Reached XP level 14. HP: 77/77 MP: 20/22
 20630 | D:11     | Noticed a frost giant
 20630 | D:11     | Noticed a frost giant
 20764 | D:11     | Noticed an orc warlord
 20764 | D:11     | Noticed a tengu reaver
 20777 | D:11     | Killed an orc warlord
 20797 | D:11     | Killed a tengu reaver
 21753 | D:11     | Killed a frost giant
 21957 | D:11     | Identified the +5 dagger "Vuitugal" {antimagic, rF+ Str-5
                  | Dex+4 SInv}
 22056 | D:11     | Killed a frost giant
 22472 | D:5      | Bought an ichor-stained chain mail for 256 gold pieces
 22472 | D:5      | Identified the +3 chain mail of a bailey {rC+++} (You
                  | bought it in a shop on level 5 of the Dungeon)
 22482 | D:5      | Bought a runed ring mail for 189 gold pieces
 22663 | Lair:2   | Reached XP level 15. HP: 88/88 MP: 23/23
 22670 | Lair:2   | Killed jimonade's ghost
 22756 | Lair:2   | Got the ring "Feakkux" {Fire Contam +Blink rCorr Dex-3}
 23078 | D:12     | Noticed Lodul
 23097 | D:12     | Killed Lodul
 23308 | D:12     | Noticed a tengu reaver
 23710 | D:12     | Reached skill level 15 in Fighting
 23775 | D:12     | Killed a tengu reaver
 23831 | D:12     | Identified the +6 falchion of Objectivity {chaos, rN+ Will+
                  | Str+6 Dex-2}
 25188 | D:13     | Found a gate to the Vaults.
 27136 | D:14     | Reached skill level 10 in Stealth
 27605 | D:15     | Entered Level 15 of the Dungeon
 27687 | D:15     | Noticed Azrael
 27707 | D:15     | Killed Azrael
 27744 | D:15     | Noticed Louise
 27870 | D:15     | Killed Louise
 27972 | D:15     | Found a corrupted altar of Lugonu.
 27990 | D:15     | Reached XP level 16. HP: 27/95 MP: 13/24
 28616 | D:15     | Found a staircase to the Depths.
 29048 | Orc:1    | Entered Level 1 of the Orcish Mines
 29048 | Orc:1    | Noticed Erolcha
 29051 | Orc:1    | Killed Erolcha
 29725 | Orc:2    | Entered Level 2 of the Orcish Mines
 29742 | Orc:2    | Reached skill level 10 in Throwing
 30598 | Orc:2    | Found Godips's Distillery.
 30598 | Orc:2    | Found Taprul's Book Emporium.
 30600 | Orc:2    | Found Abalibec's Distillery.
 30602 | Orc:2    | Found Jihoetzaasu's Antique Armour Boutique.
 30607 | Orc:2    | Bought a brightly glowing scale mail for 234 gold pieces
 30607 | Orc:2    | Identified the +4 scale mail of Joulyich {rPois rF+ Str+5}
                  | (You bought it in a shop on level 2 of the Orcish Mines)
 30627 | Orc:2    | Bought a potion of curing for 39 gold pieces
 30627 | Orc:2    | Bought a potion of curing for 39 gold pieces
 30630 | Orc:2    | Bought a potion of invisibility for 120 gold pieces
 30630 | Orc:2    | Bought a potion of curing for 45 gold pieces
 30675 | Orc:2    | Found a staircase to the Elven Halls.
 31357 | Spider:1 | Entered Level 1 of the Spider Nest
 31466 | Spider:1 | Reached skill level 1 in Armour
 32915 | Spider:2 | Reached skill level 5 in Armour
 33985 | D:8      | Bought 3 silver javelins for 108 gold pieces
 33985 | D:8      | Bought a throwing net for 45 gold pieces
 33985 | D:8      | Bought 5 javelins for 60 gold pieces
 33985 | D:8      | Bought 4 javelins for 48 gold pieces
 35552 | Spider:3 | Reached XP level 17. HP: 99/99 MP: 25/25
 35863 | Spider:3 | Reached skill level 10 in Evocations
 36129 | Spider:3 | Reached skill level 11 in Invocations
 36492 | Spider:3 | Noticed Arachne
 36512 | Spider:3 | Killed Arachne
 37024 | Spider:4 | Entered Level 4 of the Spider Nest
 37024 | Spider:4 | Noticed Roxanne
 37175 | Spider:4 | Reached skill level 12 in Invocations
 37691 | Spider:4 | Paralysed by a Zot trap for 4 turns
 37717 | Spider:4 | Gained mutation: You occasionally shout uncontrollably at
                  | your foes. [mutagenic glow]
 37723 | Spider:4 | Gained mutation: You are occasionally teleported next to
                  | monsters. [mutagenic glow]
 37735 | Spider:4 | Gained mutation: You are frail. (-10% HP) [mutagenic glow]
 38026 | D:9      | Killed bchevrier's ghost
 38063 | D:9      | Lost mutation: You occasionally shout uncontrollably at
                  | your foes. [potion of mutation]
 38063 | D:9      | Lost mutation: You are occasionally teleported next to
                  | monsters. [potion of mutation]
 38063 | D:9      | Lost mutation: You are frail. (-10% HP) [potion of
                  | mutation]
 38063 | D:9      | Gained mutation: Your flesh is heat resistant. (rF+)
                  | [potion of mutation]
 38063 | D:9      | Gained mutation: You are occasionally teleported next to
                  | monsters. [potion of mutation]
 38063 | D:9      | Lost mutation: Your flesh is heat resistant. (rF+) [potion
                  | of mutation]
 38063 | D:9      | Gained mutation: You are agile. (Dex +4, Str/Int -1)
                  | [potion of mutation]
 38285 | D:13     | Lost mutation: You are agile. (Dex +4, Str/Int -1) [potion
                  | of mutation]
 38285 | D:13     | Lost mutation: You are occasionally teleported next to
                  | monsters. [potion of mutation]
 38285 | D:13     | Gained mutation: You are vulnerable to cold. (rC-) [potion
                  | of mutation]
 38285 | D:13     | Gained mutation: You expend magic power (3 MP) to
                  | strengthen your wands. [potion of mutation]
 38285 | D:13     | Gained mutation: You have a pair of small horns on your
                  | head. [potion of mutation]
 38805 | Spider:4 | Reached skill level 13 in Invocations
 40120 | Spider:4 | Reached skill level 14 in Invocations
 40877 | Spider:4 | Reached XP level 18. HP: 104/104 MP: 29/29
 40960 | Spider:4 | Got a gossamer rune of Zot
 40968 | Spider:4 | Reached skill level 15 in Invocations
 40968 | Spider:4 | Reached XP level 19. HP: 108/108 MP: 10/31
 40995 | Spider:4 | Reached XP level 20. HP: 113/113 MP: 10/32
 41001 | Spider:4 | Learned a level 4 spell: Dispel Undead
 41226 | Spider:4 | Reached skill level 5 in Necromancy
 41226 | Spider:4 | Reached XP level 21. HP: 117/117 MP: 11/33
 42074 | Spider:4 | Killed Roxanne
 42519 | Lair:2   | Upgraded the game from 0.30-a0-149-g7f746667c4 to
                  | 0.30-a0-159-g068b764562
 42594 | Swamp:1  | Entered Level 1 of the Swamp
 44785 | Swamp:2  | Reached skill level 5 in Spellcasting
 45552 | Swamp:3  | Found a transporter.
 45613 | Swamp:3  | Noticed Jorgrun
 45636 | Swamp:3  | Killed Jorgrun
 45878 | Swamp:3  | Found the amulet of the Four Winds {rN+ Will+++ Clar}
 45889 | Swamp:3  | Found a transporter.
 46463 | Swamp:4  | Entered Level 4 of the Swamp
 46722 | Swamp:4  | Noticed Mara
 46740 | Swamp:4  | Killed Mara
 47519 | Swamp:4  | Got a decaying rune of Zot
 48001 | Elf:1    | Entered Level 1 of the Elven Halls
 48215 | Elf:1    | Paralysed by an air elemental for 1 turns
 48219 | Elf:1    | Paralysed by an air elemental for 1 turns
 48406 | Elf:1    | Paralysed by an air elemental for 1 turns
 48906 | Elf:1    | Noticed Frances
 48910 | Elf:1    | Killed Frances
 49341 | Elf:2    | Reached XP level 22. HP: 26/122 MP: 16/34
 49810 | Elf:2    | Found a runed translucent gate.
 49811 | Elf:2    | Found a runed translucent gate.
 49812 | Elf:2    | Found a runed translucent gate.
 49960 | Elf:2    | Learned a level 1 spell: Necrotise
 49988 | Elf:2    | Found a runed translucent door.
 49989 | Elf:2    | Found a shimmering altar of Xom.
 49989 | Elf:2    | Identified the +5 glaive of the Absolute Madman {chaos,
                  | rPois Will+ Str+4 Int+4}
 49989 | Elf:2    | Noticed ytrimaz's ghost (adept DsGl)
 50812 | Elf:3    | Entered Level 3 of the Elven Halls
 51209 | Elf:3    | Reached skill level 1 in Long Blades
 51293 | Elf:3    | Reached skill level 15 in Stealth
 51921 | Elf:3    | Reached skill level 5 in Long Blades
 52395 | Elf:3    | Identified the +9 short sword "Zagonna" {antimagic, *Slow
                  | +Blink rN+}
 52747 | Elf:3    | Identified the +10 lajatang of Descent {flame, Will+}
 52929 | Elf:3    | Found the +2 hat of the Bear Spirit {Spirit, *Rage Will++}
 52941 | Elf:3    | Got the Textbook on Searing Formation
 53085 | Elf:3    | Got the Directory of Firn and the Snake
 53499 | Elf:3    | Upgraded the game from 0.30-a0-159-g068b764562 to
                  | 0.30-a0-165-g1891117ce2
 53943 | Vaults:1 | Entered Level 1 of the Vaults
 53951 | Vaults:1 | Found a huge runed gate.
 53951 | Vaults:1 | Found a huge runed gate.
 53951 | Vaults:1 | Found a huge runed gate.
 53951 | Vaults:1 | Found a huge runed gate.
 53951 | Vaults:1 | Found a huge runed gate.
 53952 | Vaults:1 | Found a huge runed gate.
 53952 | Vaults:1 | Found a huge runed gate.
 53952 | Vaults:1 | Found a huge runed gate.
 53952 | Vaults:1 | Found a huge runed gate.
 53956 | Vaults:1 | Found a huge runed gate.
 53956 | Vaults:1 | Found a huge runed gate.
 53956 | Vaults:1 | Found a huge runed gate.
 53956 | Vaults:1 | Found a huge runed gate.
 53956 | Vaults:1 | Found a huge runed gate.
 53956 | Vaults:1 | Found a huge runed gate.
 53958 | Vaults:1 | Found a huge runed gate.
 53959 | Vaults:1 | Found a huge runed gate.
 53960 | Vaults:1 | Found a huge runed gate.
 53968 | Vaults:1 | Found a huge runed gate.
 53968 | Vaults:1 | Found a huge runed gate.
 53968 | Vaults:1 | Found a huge runed gate.
 53968 | Vaults:1 | Found a huge runed gate.
 53968 | Vaults:1 | Found a huge runed gate.
 53970 | Vaults:1 | Found a huge runed gate.
 53971 | Vaults:1 | Found a huge runed gate.
 53972 | Vaults:1 | Found a huge runed gate.
 53973 | Vaults:1 | Found a huge runed gate.
 53981 | Vaults:1 | Found a huge runed gate.
 53981 | Vaults:1 | Found a huge runed gate.
 53981 | Vaults:1 | Found a huge runed gate.
 53981 | Vaults:1 | Found a huge runed gate.
 53981 | Vaults:1 | Found a huge runed gate.
 53982 | Vaults:1 | Found a huge runed gate.
 53983 | Vaults:1 | Found a huge runed gate.
 53984 | Vaults:1 | Found a huge runed gate.
 53995 | Vaults:1 | Found a huge runed gate.
 54782 | Vaults:1 | Reached skill level 10 in Long Blades
 55162 | Vaults:1 | Reached XP level 23. HP: 118/126 MP: 35/35
 56282 | Vaults:1 | Reached skill level 10 in Necromancy
 57876 | Vaults:1 | Reached skill level 10 in Spellcasting
 59710 | Vaults:2 | Noticed Aizul
 59730 | Vaults:2 | Killed Aizul
 60257 | Vaults:2 | Identified the +1 pair of boots of the First Hosts {Rampage
                  | Will+ Int+2}
 60318 | Vaults:2 | Reached skill level 16 in Invocations
 60921 | Vaults:2 | Found Rixopn's Distillery.
 60956 | Vaults:2 | Bought a potion of haste for 170 gold pieces
 60956 | Vaults:2 | Bought a potion of curing for 51 gold pieces
 60956 | Vaults:2 | Bought a potion of curing for 51 gold pieces
 60956 | Vaults:2 | Bought 2 potions of curing for 102 gold pieces
 61268 | Vaults:2 | Found a staircase to the Crypt.
 61268 | Vaults:2 | Found a basalt altar of Yredelemnul.
 61268 | Vaults:2 | Found an ancient bone altar of Kikubaaqudgha.
 62846 | Slime:1  | Entered Level 1 of the Pits of Slime
 62864 | Slime:1  | Reached skill level 1 in Shields
 64752 | Slime:2  | Reached skill level 5 in Shields
 65749 | Slime:5  | Entered Level 5 of the Pits of Slime
 66768 | Slime:4  | Reached XP level 24. HP: 105/132 MP: 38/38
 66814 | Slime:5  | Gained mutation: You are clumsy. (Dex -2) [a shining eye]
 66816 | Slime:5  | Gained mutation: You are frail. (-10% HP) [a shining eye]
 67096 | Slime:5  | Noticed the Royal Jelly
 67124 | Slime:5  | Killed the Royal Jelly
 67293 | Slime:5  | Annihilated by an azure jelly

Illustrated notes

Levels and vault maps discovered:
D:1:      dpeg_arrival_round_b, layout_basic,
          shapermc_ecumenical_altar_mp_ritualfount, hangedman_decor_growths,
          minivault_14
D:2:      layout_rooms, minmay_tromino_i2, uniq_jessica
D:3:      layout_loops_ring, serial_glass, glass_columns_a, glass_columns_b,
          minmay_strange_pillars, minivault_5, uniq_sigmund
D:4:      layout_basic, serial_bayou_pond_d
D:5:      minmay_diamond_boxcup, layout_loops_ring, temple_statues,
          serial_shops, nicolae_take_the_stairs, portal_sewer_entry_b,
          chequers_avenue
D:6:      layout_loops_ring
D:7:      layout_rooms, serial_shops, nicolae_shop_waterfront
D:8:      layout_loops_ring, nemelex_xobeh_ov_fountains_minmay,
          nicolae_shop_firing_range
D:9:      layout_loops_corners, lair_entry_dummy, hiddenorc1_lemuel,
          gammafunk_ghost_hive, kennysheep_generic_room_6
D:10:     layout_rooms, serial_aquarium, aquarium_bridge_square
          [aquarium_subvault_bridge, aquarium_subvault_bridge,
          aquarium_subvault_bridge, aquarium_subvault_window],
          aquarium_bridge_long_separate [aquarium_subvault_balcony,
          aquarium_subvault_balcony, aquarium_subvault_bridge,
          aquarium_subvault_balcony, aquarium_subvault_bridge,
          aquarium_subvault_bridge], aquarium_window_1,
          aquarium_window_corridor_3, aquarium_window_2, aquarium_view_2c,
          aquarium_pool_2
D:11:     layout_roguey, nicolae_rejected_hall
D:12:     layout_cave_pods, chequers_serial_rivers_micro_a, minmay_evil_grid,
          uniq_lodul
D:13:     layout_layer_cave, skrybe_vaults_entry_preservation,
          lightli_fourway_metalbox
D:14:     layout_irregular_city, minmay_unpleasant_kobolds
D:15:     hangedman_depths_entry_try_elsewhere_first, layout_basic,
          hangedman_decor_lopped, tgw_lugonu_bribe, uniq_azrael, uniq_louise
Temple:   mainiacjoe_temple_trianglar_array
Lair:1:   layout_loops_ring, lemuel_fruit_tree, grunt_megastairs_3,
          infiniplex_staircase_pool_2
Lair:2:   layout_regular_city, hellmonk_spider_entry_life_and_decay,
          gammafunk_ghost_icy, roderic_carrion_pond, lemuel_fruit_fields,
          infiniplex_staircase_pool
Lair:3:   layout_roguey, palyth_hydra_swamp_entry
Lair:4:   nzn_winding_woodlands_three_and_one
          [nzn_winding_woodlands_5x15_jagged,
          nzn_winding_woodlands_5x15_crooked, nzn_winding_woodlands_5x15_parted,
          nzn_winding_woodlands_center_diamonds], layout_regular_city
Lair:5:   evilmike_catoblepas_cave, layout_loops_ring, dpeg_slime_entry_enclosed
Swamp:1:  layout_falls_marsh, evilmike_swamp_ruin_house_6
Swamp:2:  layout_falls_marsh, evilmike_swamp_ruin_house_1, swamp_pool5
Swamp:3:  gammafunk_sealed_arena, layout_basic_swamp, serial_swamp_ruin,
          evilmike_swamp_ruin_rubble_1, evilmike_swamp_ruin_house_5,
          swamp_pool5, uniq_jorgrun
Swamp:4:  swamp_fiery, layout_basic_swamp, swamp_pool1, uniq_mara
Spider:1: layout_spider_delve
Spider:2: layout_spider_delve, hellmonk_narrow_tunnel
Spider:3: layout_spider_delve, nicolae_spider_nooks_and_crannies, uniq_arachne
Spider:4: grunt_spider_rune_parallel, spiders_nest_spider_trap, uniq_roxanne
Slime:1:  layout_caves
Slime:2:  layout_caves
Slime:3:  layout_caves
Slime:4:  layout_caves, cheibrodos_slime_lost_civilization_5
Slime:5
Orc:1:    layout_diamond_mine, basic_altar, david_defended_altar_orc,
          uniq_erolcha
Orc:2:    st_orc_rangers, layout_caves, nicolae_orc_bridge_out, mines1_david
Elf:1:    minmay_elf_arrival_circle, layout_loops_cross, serial_aquarium,
          aquarium_bridge_straight [aquarium_subvault_bridge,
          aquarium_subvault_window, aquarium_subvault_bridge,
          aquarium_subvault_wall], aquarium_window_2, aquarium_window_fake,
          aquarium_view_4, aquarium_view_2g, aquarium_pool_2, evilmike_minifort,
          hangedman_elf_targetted_burst, item_on_display_a, uniq_frances
Elf:2:    elven_hall_of_blades_hangedman_original
          [nicolae_blade_entry_diamond_columns], layout_gridlike,
          ebering_ghost_xom
Elf:3:    minmay_elf_hall_quartered_circle, layout_geoelf_octagon
Vaults:1: vaults_room_grid, v_misc_1, v_pattern_5, not_door_vault_due,
          grunt_vaults_bifocal, nicolae_vaults_network_quincunx
          [nicolae_vaults_network_quincunx_subvault,
          nicolae_vaults_network_quincunx_subvault,
          nicolae_vaults_network_quincunx_subvault,
          nicolae_vaults_network_quincunx_subvault,
          nicolae_vaults_network_quincunx_subvault], v_alt_pattern_4, v_misc_27,
          vaults_room_stairs_pillars, ontoclasm_vaults_gateway,
          ontoclasm_vaults_pinch, ontoclasm_vaults_idyll,
          grunt_vaults_hallway_short, nicolae_vaults_mini_display_case,
          dpeg_vaults_monster_box, layout_vaults_omnicross
Vaults:2: vaults_mumra_chevron_long, v_misc_17, v_rooms_5,
          minmay_crypt_entry_necro_gods, v_misc_1, nicolae_vaults_theta,
          layout_vaults_quadrants, serial_shops, shop, uniq_aizul

Skill      XL: |  1  2  3  4  5  6  7  8  9 10 11 12 13 14 15 16 17 18 19 20 21 22 23 24 |
---------------+-------------------------------------------------------------------------+-----
Dodging        | 1 2 3 5 6 7 9 |  9.1
Stealth        | 5 6 10 11 13 15 | 15.0
Throwing       | 2 3 4 5 8 10 | 10.1
Fighting       | 2 3 6 10 14 15 | 15.5
Short Blades   | 2 3 5 8 11 13 14 | 14.0
Invocations    | 6 10 14 15 16 | 16.4
Transmutations | 5 8 9 |  9.1
Evocations     | 5 9 10 | 10.0
Armour         | 5 |  5.0
Spellcasting   | 3 7 10 | 10.0
Necromancy     | 3 5 8 9 10 | 10.0
Long Blades    | 10 11 | 11.0
Shields        | 5 |  5.0

Action                   |  1- 3 |  4- 6 |  7- 9 | 10-12 | 13-15 | 16-18 | 19-21 | 22-24 || total
-------------------------+-------+-------+-------+-------+-------+-------+-------+-------++-------
Melee: Dagger            |    48 |    19 |       |       |       |    15 |    61 |    29 ||   172
       Bite              |     5 |     7 |    42 |   146 |   430 |   466 |   249 |   612 ||  1957
       Rapier            |       |    36 |   181 |   415 |   941 |  1056 |   519 |  1032 ||  4180
       Scimitar          |       |       |       |       |       |     3 |     4 |       ||     7
       Headbutt          |       |       |       |       |       |    71 |   171 |   433 ||   675
       Demon blade       |       |       |       |       |       |       |    10 |    65 ||    75
       Punch             |       |       |       |       |       |       |       |     3 ||     3
Throw: Dart              |       |       |    22 |    28 |    59 |   121 |    90 |   252 ||   572
       Javelin           |       |       |       |       |       |    12 |    14 |     4 ||    30
       Throwing net      |       |       |       |       |       |     1 |       |       ||     1
 Cast: Wereblood         |       |       |       |       |    14 |    21 |     4 |     7 ||    46
Invok: Line Pass         |       |       |       |     1 |     3 |     4 |       |     3 ||    11
       Stomp             |       |       |       |       |     1 |     1 |       |       ||     2
       Grand Finale      |       |       |       |       |       |       |     2 |     1 ||     3
Evoke: Wand              |       |       |       |    19 |     1 |    11 |    11 |     7 ||    49
       Condenser vane    |       |       |       |       |     3 |     1 |       |     4 ||     8
       Box of beasts     |       |       |       |       |     1 |     1 |     2 |       ||     4
       Lightning rod     |       |       |       |       |       |    12 |     3 |    12 ||    27
       Tin of tremorston |       |       |       |       |       |       |       |     2 ||     2
  Use: Scroll            |     3 |    11 |     6 |     9 |    10 |     6 |     3 |    17 ||    65
       Potion            |       |       |       |     1 |     1 |     8 |     3 |     6 ||    19
 Stab: Sleeping          |     6 |    18 |    18 |    13 |    18 |    14 |    15 |    25 ||   127
       Paralysed         |       |       |     5 |    22 |    80 |    84 |    50 |   119 ||   360
       Distracted        |       |       |       |     3 |     2 |     1 |     2 |     6 ||    14
       Petrified         |       |       |       |     2 |       |       |       |       ||     2
       Petrifying        |       |       |       |     1 |       |       |       |       ||     1
       Confused          |       |       |       |       |     2 |     1 |     2 |     3 ||     8
Armor: Robe              |    12 |     8 |    31 |     6 |       |       |       |       ||    57
       Troll leather arm |       |       |       |    37 |    95 |    49 |       |       ||   181
       Chain mail        |       |       |       |       |     9 |       |       |       ||     9
       Scale mail        |       |       |       |       |       |   339 |   185 |   273 ||   797
Dodge: Dodged            |    26 |    23 |   103 |   224 |   454 |   870 |   275 |   409 ||  2384
Block: Buckler           |       |       |       |       |       |       |       |    53 ||    53

Table legend: (Time is in decaauts)
 A = Elapsed time spent in this place.
 B = Non-inter-level travel time spent in this place.
 C = Inter-level travel time spent in this place.
 D = Time resting spent in this place.
 E = Time spent auto-exploring this place.
 F = Levels seen in this place.
 G = Mean time per level.
                   A        B        C        D        E       F      G
               +--------+--------+--------+--------+--------+-----+--------+
         Total |  68662 |  62567 |   6095 |  28590 |  17099 |  41 | 1674.7 |
       Dungeon |  22450 |  20008 |   2442 |   7413 |   7810 |  15 | 1496.7 |
        Temple |    155 |     99 |     56 |      0 |     95 |   1 |  155.0 |
          Lair |  10402 |   9123 |   1279 |   3999 |   2622 |   5 | 2080.4 |
         Swamp |   5395 |   5118 |    277 |   2061 |   1135 |   4 | 1348.8 |
   Spider Nest |  10210 |   9502 |    708 |   5041 |   1984 |   4 | 2552.5 |
    Slime Pits |   3105 |   3095 |     10 |   2228 |      0 |   5 |  621.0 |
  Orcish Mines |   2625 |   2136 |    489 |    675 |    835 |   2 | 1312.5 |
   Elven Halls |   5666 |   5301 |    365 |   2356 |    905 |   3 | 1888.7 |
        Vaults |   8650 |   8183 |    467 |   4814 |   1711 |   2 | 4325.0 |
               +--------+--------+--------+--------+--------+-----+--------+

Top non-repeatable levels by time:
Vaults:1: 6026 daAuts
Spider:4: 4379 daAuts
  Lair:5: 3200 daAuts
     D:9: 2681 daAuts
Vaults:2: 2623 daAuts
    D:11: 2550 daAuts
  Lair:2: 2432 daAuts
    D:13: 2405 daAuts
   Elf:3: 2229 daAuts
Spider:3: 2118 daAuts
Spider:2: 2079 daAuts
   Elf:2: 2030 daAuts
    D:12: 1797 daAuts
  Lair:3: 1774 daAuts
Spider:1: 1633 daAuts
